 Dungeon Crawl Stone Soup version 0.31.0-32-g396128a36d (webtiles) character file.

Game seed: 7768968300612257878

617523 Kepler22b the Conqueror (level 27, -5/323 HPs)
             Began as an Oni Shapeshifter on Mar 15, 2024.
             Was a High Priest of Okawaru.
             Slain by a protean progenitor (21 damage)
             ... on level 4 of the Realm of Zot.
             The game lasted 02:32:31 (73034 turns).

Kepler22b the Conqueror (Oni Shapeshifter)         Turns: 73034, Time: 02:32:31

Health: -5/323     AC: 41    Str: 35      XL:     27
Magic:  42/42      EV:  8    Int: 20      God:    Okawaru [*****.]
Gold:   5578       SH: 29    Dex:  8 (9)  Spells: 40/40 levels left

rFire   + + +        a - +8 demon trident of the Hidden Vale {flame, Fly rF+ Int+4 Stlth+}
rCold   + + +        G - +10 tower shield of Ignorance {rN+ Int-4}
rNeg    + + +        N - +12 gold dragon scales
rPois   ∞            j - +2 hat "Budghef" {rN+}
rElec   +            M - +2 cloak "Qiok Utu" {rN+ MP+9 Str+3 Dex-3}
rCorr   .            (gloves unavailable)
SInv    +            (boots unavailable)
Will    +++..        g - amulet "Caeleade" {Faith rC++ rN+ Dex-2 SInv} Stlth
                     f - ring of the Prince {rF+ rC++ Int+2 Dex+6}
HPRegen 0.73/turn    x - ring "Sedwuani" {rElec rPois rN+ Int+3}
MPRegen 0.28/turn

%: faith
@: death-form, flying, slowed, studying 2 skills, very slow
A: vile attack, torment immunity, no potions, large, unfitting armour, horns 1,
tough skin 1, double potion healing, drunken brawling, screaming 1
}: 4/15 runes: decaying, silver, abyssal, gossamer
a: Siphon Essence, Begin Untransformation, Renounce Religion, Heroism, Finesse,
Duel


You were on level 4 of the Realm of Zot.
You worshipped Okawaru.
Okawaru was extremely pleased with you.
You were an undying horror.
You visited 11 branches of the dungeon, and saw 49 of its levels.
You visited the Abyss 1 time.
You visited 1 ziggurat, and saw 9 of its levels.
You also visited: Trove, Bailey, Volcano, Wizlab and Desolation.

You collected 7899 gold pieces.
You spent 2321 gold pieces at shops.


Innate Abilities, Weirdness & Mutations

You are an undying horror.
Your melee and unarmed attacks drain, slow and weaken victims.
You are immune to unholy pain and torment.
You cannot drink.
You are immune to poison.
You are too large for most types of armour.
You have a pair of small horns on your head.
You have tough skin. (AC +1)
You gain doubled healing and magic from potions.
Whenever you drink a healing potion, you attack all around you.
You occasionally shout uncontrollably at your foes.


   Skills:
 O Level 27 Fighting
 - Level 14.0 Polearms
 - Level 15.0 Throwing
 - Level 19.5 Armour
 - Level 13.0 Dodging
 * Level 19.2 Shields
 - Level 2.6 Unarmed Combat
 - Level 7.0 Spellcasting
 - Level 8.0 Invocations
 + Level 24.8 Shapeshifting


You had 40 spell levels left.
You didn't know any spells.
Your spell library contained the following spells:

 Spells                   Type           Power      Damage    Failure   Level
 Apportation              Tloc           14%        N/A       73%         1
 Foxfire                  Conj/Fire      28%        2x1d5     73%         1
 Freeze                   Ice            28%        1d5       73%         1
 Kiss of Death            Conj/Necr      28%        2d7       73%         1
 Magic Dart               Conj           28%        1d4       73%         1
 Necrotise                Necr           28%        1d5       73%         1
 Shock                    Conj/Air       28%        1d4       73%         1
 Slow                     Hex            28%        N/A       73%         1
 Sting                    Conj/Alch      28%        1d4       73%         1
 Blink                    Tloc           14%        N/A       86%         2
 Cigotuvi's Dreadful Rot  Necr/Alch/Air  14%        N/A       86%         2
 Ensorcelled Hibernation  Hex/Ice        14%        N/A       86%         2
 Jinxbite                 Hex            14%        N/A       86%         2
 Mercury Vapours          Alch/Air       14%        N/A       86%         2
 Static Discharge         Conj/Air       14%        3-4/arc   86%         2
 Confusing Touch          Hex            7%         N/A       97%         3
 Dazzling Flash           Conj/Hex       14%        N/A       97%         3
 Frozen Ramparts          Ice            14%        1d3       97%         3
 Fugue of the Fallen      Necr           7%         N/A       97%         3
 Hailstorm                Conj/Ice       7%         3d5       97%         3
 Inner Flame              Hex/Fire       7%         N/A       97%         3
 Mephitic Cloud           Conj/Alch/Air  7%         N/A       97%         3
 Ozocubu's Armour         Ice            7%         N/A       97%         3
 Sigil of Binding         Hex            7%         N/A       97%         3
 Stone Arrow              Conj/Erth      14%        3d7       97%         3
 Swiftness                Air            7%         N/A       97%         3
 Vampiric Draining        Necr           7%         2d6       97%         3
 Volatile Blastmotes      Fire/Tloc      14%        2d11      97%         3
 Airstrike                Air            3%         2d(1-17)  100%        4
 Cause Fear               Hex            3%         N/A       100%        4
 Dimensional Bullseye     Hex/Tloc       3%         N/A       100%        4
 Dispel Undead            Necr           7%         3d8       100%        4
 Flame Wave               Conj/Fire      7%         2d5       100%        4
 Ignite Poison            Fire/Alch      7%         N/A       100%        4
 Leda's Liquefaction      Alch/Erth      3%         N/A       100%        4
 Manifold Assault         Tloc           7%         N/A       100%        4
 Olgreb's Toxic Radiance  Alch           7%         N/A       100%        4
 Passage of Golubria      Tloc           7%         N/A       100%        4
 Petrify                  Alch/Erth      7%         N/A       100%        4
 Sticky Flame             Fire/Alch      7%         2d4       100%        4
 Vhi's Electric Charge    Tloc/Air       14%        N/A       100%        4
 Alistair's Intoxication  Alch           4%         N/A       100%        5
 Arcjolt                  Conj/Air       3%         1d13      100%        5
 Curse of Agony           Necr           7%         N/A       100%        5
 Fireball                 Conj/Fire      3%         3d4       100%        5
 Freezing Cloud           Conj/Ice/Air   3%         6-21      100%        5
 Iskenderun's Battlesphe  Conj           7%         2d6       100%        5
 Lee's Rapid Deconstruct  Erth           3%         3d5*      100%        5
 Metabolic Englaciation   Hex/Ice        3%         N/A       100%        5
 Yara's Violent Unravell  Hex/Alch       3%         3d4       100%        5
 Bombard                  Conj/Erth      3%         9d1       100%        6
 Conjure Ball Lightning   Conj/Air       3%         3x3d6     100%        6
 Eringya's Noxious Bog    Alch           3%         4d6       100%        6
 Plasma Beam              Fire/Air       3%         2x1d13    100%        6
 Starburst                Conj/Fire      3%         6d3       100%        6
 Enfeeble                 Hex            3%         N/A       100%        7
 Ozocubu's Refrigeration  Ice            3%         4d8       100%        7
 Borgnjor's Revivificati  Necr           3%         N/A       100%        8
 Discord                  Hex            3%         N/A       100%        8
 Disjunction              Tloc           3%         N/A       100%        8
 Lehudib's Crystal Spear  Conj/Erth      3%         10d3      100%        8
 Maxwell's Capacitive Co  Air            3%         ∞         100%        8
 Death's Door             Necr           3%         N/A       100%        9
 Polar Vortex             Ice            3%         N/A       100%        9
 Summon Small Mammal      Summ           Unusable   N/A       N/A         1
 Call Imp                 Summ           Unusable   N/A       N/A         2
 Call Canine Familiar     Summ           Unusable   N/A       N/A         3
 Summon Ice Beast         Ice/Summ       Unusable   N/A       N/A         3
 Tukima's Dance           Hex            Unusable   N/A       N/A         3
 Animate Armour           Summ/Erth      Unusable   N/A       N/A         4
 Martyr's Knell           Necr/Summ      Unusable   N/A       N/A         4
 Summon Lightning Spire   Summ/Air       Unusable   N/A       N/A         4
 Sculpt Simulacrum        Ice/Alch       Unusable   N/A       N/A         6
 Spellforged Servitor     Conj/Summ      Unusable   N/A       N/A         7
 Infestation              Necr           Unusable   N/A       N/A         8
 Dragon's Call            Summ           Unusable   N/A       N/A         9

Inventory:

Hand Weapons
 a - the +8 demon trident of the Hidden Vale (weapon) {flame, Fly rF+ Int+4 Stlth+}
   (Okawaru gifted it to you on level 13 of the Dungeon)

   Int+4:     It affects your intelligence (+4).
   rF+:       It protects you from fire.
   Fly:       It grants you flight.
   Stlth+:    It makes you more stealthy.
Missiles
 n - 52 javelins (quivered)
 r - 131 large rocks {=f}
 J - 5 throwing nets {=f}
 O - 32 curare-tipped darts {=f}
 Y - 14 silver javelins
Armour
 j - the +2 hat "Budghef" (worn) {rN+}
   (You acquired it on level 5 of the Lair of Beasts)

   rN+:       It protects you from negative energy.
 G - the +10 tower shield of Ignorance (worn) {rN+ Int-4}
   (You found it in a treasure trove)

   Int-4:     It affects your intelligence (-4).
   rN+:       It protects you from negative energy.
 M - the +2 cloak "Qiok Utu" (worn) {rN+ MP+9 Str+3 Dex-3}
   (You found it on level 9 of a ziggurat)

   Str+3:     It affects your strength (+3).
   Dex-3:     It affects your dexterity (-3).
   rN+:       It protects you from negative energy.
   MP+9:      It affects your magic capacity (+9).
 N - +12 gold dragon scales (worn)
Jewellery
 f - the ring of the Prince (left hand) {rF+ rC++ Int+2 Dex+6}
   (You took it off a deep elf demonologist on level 3 of the Elven Halls)

   [ring of dexterity]

   Int+2:     It affects your intelligence (+2).
   Dex+6:     It affects your dexterity (+6).
   rF+:       It protects you from fire.
   rC++:      It greatly protects you from cold.
 g - the amulet "Caeleade" (around neck) {Faith rC++ rN+ Dex-2 SInv}
   (You found it in the Desolation of Salt)

   [amulet of faith]

   Faith:     It allows you to gain divine favour quickly.
   Dex-2:     It affects your dexterity (-2).
   rC++:      It greatly protects you from cold.
   rN+:       It protects you from negative energy.
   SInv:      It lets you see invisible.
 q - the ring of the Fabulous Jackfruit {AC+4 Int+4 Stlth-}
   (You took it off a tengu reaver on level 4 of the Vaults)

   [ring of protection]

   AC+4:      It affects your AC (+4).
   Int+4:     It affects your intelligence (+4).
   Stlth-:    It makes you less stealthy.
 w - a ring of willpower
 x - the ring "Sedwuani" (right hand) {rElec rPois rN+ Int+3}
   (You found it in the Desolation of Salt)

   [ring of poison resistance]

   Int+3:     It affects your intelligence (+3).
   rElec:     It insulates you from electricity.
   rPois:     It protects you from poison rN+: It protects you from negative
   energy.
 L - the ring of Rays {+Blink rElec Dex+6}
   (You found it in the Desolation of Salt)

   [ring of dexterity]

   Dex+6:     It affects your dexterity (+6).
   rElec:     It insulates you from electricity.
   +Blink:    It lets you blink.
 P - a ring of poison resistance
 T - the ring of Letawn {rC+ rCorr}
   (You found it in the Desolation of Salt)

   [ring of protection from cold]

   rC+:       It protects you from cold.
   rCorr:     It protects you from acid and corrosion.
 W - a ring of willpower
Talismans
 D - a talisman of death (active)
Wands
 u - a wand of mindburst (15)
 v - a wand of flame (112)
 y - a wand of light (42)
 C - a wand of digging (12)
 K - a wand of iceblast (53)
Scrolls
 e - 21 scrolls of teleportation {@r2}
 i - 14 scrolls of poison
 l - 11 scrolls of immolation
 o - 13 scrolls of vulnerability
 s - 8 scrolls of fog
 B - 5 scrolls of torment
 E - 6 scrolls of blinking
 I - 4 scrolls of summoning
 Q - 4 scrolls of revelation
 S - a scroll of enchant armour
 V - 8 scrolls of noise
 Z - 6 scrolls of fear
Potions
 b - 5 potions of magic
 c - 2 potions of resistance
 d - 8 potions of invisibility
 h - 10 potions of heal wounds {@q2}
 k - 7 potions of haste {@q3}
 m - 8 potions of enlightenment
 p - 32 potions of curing {@q1}
 t - 19 potions of mutation
 z - 3 potions of might
 A - 7 potions of brilliance
 F - 4 potions of berserk rage {!q}
 H - 15 potions of ambrosia
 X - 3 potions of cancellation
Miscellaneous
 R - a phial of floods
 U - the horn of Geryon

Dungeon Overview and Level Annotations

Branches:
Dungeon (15/15)            Temple (0/1) D:4            Lair (5/5) D:11
  Swamp (4/4) Lair:3       Spider (4/4) Lair:2        Slime (0/5) Lair:4
    Orc (2/2) D:11            Elf (3/3) Orc:2        Vaults (5/5) D:14
  Crypt (3/3) Vaults:3       Tomb (0/3) Crypt:3      Depths (4/4) D:15
   Hell (visited)             Dis (0/7) Hell            Geh (0/7) Hell
    Coc (0/7) Hell            Tar (0/7) Hell            Zot (2/5) Depths:4
 Bailey (visited)         Volcano (visited)          WizLab (visited)
Desolation (visited)

Altars:
Ashenzari
Cheibriados
Dithmenos
Elyvilon
Fedhas
Hepliaklqana
Makhleb
Nemelex Xobeh
Okawaru
Qazlal
Ru
Uskayaw
Vehumet
Xom
Yredelemnul
Jiyva

Shops:
D:3 !   D:6 *   D:7 (   Orc:2 [(?((   Elf:1 =   Elf:3 [*(   Vaults:4 (
Vaults:5 !?   Depths:1 *   Depths:2 :(

Portals:
Hell: Lair:5 Depths:1 Depths:2 Depths:3 Depths:4
Abyss: Depths:3
Pandemonium: Depths:2

Annotations:
D:10 1 runed translucent door
Elf:2 5 runed translucent doors

**,,,,,,* *,,,,***,,**,,,,*
*,⌠
**,....#▒##D.▒▒▒..#***,,**
*,, **....#▒▒▒▒▒▒#...##
**** *,, *#...##▒▒▒▒▒#...▒▒
**,,
##...#######...###******,,,
###...............,,,,,,,,,
####..............,,,,,,,,,
#####....C†.....#**********
######...zz.....#
#######)........#**********
########..........,,,,,,,,,
#########.........,,,,,,,,,
##########........,,,,,,,,,
##################*********
###############
###############


You could see a death cob and a protean progenitor.


Message History

* * * LOW HITPOINT WARNING * * *
You block the moth of wrath's attack.
You impale the tentacled monstrosity!! You burn the tentacled monstrosity.
You kill the tentacled monstrosity!
Okawaru accepts your kill. You block the death cob's attack.
The death cob hits you but does no damage.
You block the protean progenitor's attack.
You block the moth of wrath's attack.
You perforate the moth of wrath like a sieve!!!
The moth of wrath decays.
You burn the moth of wrath! Your headbutt misses the moth of wrath.
The moth of wrath is almost dead.
You block the death cob's attack. x2; The protean progenitor pecks you!
* * * LOW HITPOINT WARNING * * *
You block the death cob's attack. The protean progenitor tail-slaps you!!
* * * LOW HITPOINT WARNING * * *
You block the moth of wrath's attack.
You stick the moth of wrath like a pincushion!!!
You burn the moth of wrath.
You kill the moth of wrath!
Okawaru accepts your kill.
The death cob hits you but does no damage.
You block the death cob's attack.
You block the protean progenitor's attack.
The death cob barely misses you. You block the death cob's attack. x2
You block the protean progenitor's attack.
You block the death cob's attack. The protean progenitor gores you!!
You die...

Skill      XL: |  1  2  3  4  5  6  7  8  9 10 11 12 13 14 15 16 17 18 19 20 21 22 23 24 25 26 27 |
---------------+----------------------------------------------------------------------------------+-----
Fighting       | 2 3 4 5 11 14 16 19 22 23 26 27 | 27.0
Polearms       | 1 3 5 9 12 13 14 | 14.0
Invocations    | 1 4 5 6 7 8 |  8.0
Throwing       | 1 2 5 9 10 12 13 15 | 15.0
Shapeshifting  | 5 10 14 18 21 23 24 | 24.8
Armour         | 2 11 12 14 15 16 19 | 19.5
Shields        | 6 8 11 13 17 18 19 | 19.2
Dodging        | 4 5 8 10 13 | 13.0
Spellcasting   | 6 7 |  7.0
Unarmed Combat | |  2.6

Action                     |  1- 3 |  4- 6 |  7- 9 | 10-12 | 13-15 | 16-18 | 19-21 | 22-24 | 25-27 || total
---------------------------+-------+-------+-------+-------+-------+-------+-------+-------+-------++-------
  Melee: Unarmed           |    75 |       |       |       |       |       |       |       |       ||    75
         Headbutt          |    12 |     2 |    13 |    89 |   250 |   329 |   500 |   677 |   675 ||  2547
         Punch             |     1 |       |       |       |       |       |       |       |       ||     1
         Trident           |     9 |    56 |    89 |   583 |   808 |       |       |       |       ||  1545
         Demon trident     |       |       |       |       |   202 |  1571 |  1902 |  2488 |  2184 ||  8347
  Throw: Javelin           |       |       |       |     3 |    18 |     6 |     3 |    27 |    16 ||    73
 Invoke: Heroism           |       |       |     1 |     2 |     6 |     6 |    18 |    14 |    15 ||    62
         Receive Armour    |       |       |       |       |     1 |       |       |       |       ||     1
         Receive Weapon    |       |       |       |       |     1 |       |       |       |       ||     1
         Finesse           |       |       |       |       |       |       |     7 |     2 |     7 ||    16
    Use: Scroll            |       |       |     4 |     6 |    13 |     7 |     3 |     3 |    16 ||    52
         Potion            |       |       |     1 |     1 |     1 |     4 |     6 |       |     5 ||    18
   Stab: Distracted        |       |       |       |       |     1 |       |     1 |     1 |       ||     3
         Invisible         |       |       |       |       |       |       |       |       |     4 ||     4
 Armour: Animal skin       |    36 |    12 |    12 |       |       |       |       |       |       ||    60
         Steam dragon scal |       |       |    15 |   399 |    41 |       |       |       |       ||   455
         Gold dragon scale |       |       |       |       |   889 |  1321 |  1057 |   876 |  1216 ||  5359
  Dodge: Dodged            |    25 |    19 |    20 |   182 |   164 |   211 |   234 |   168 |   257 ||  1280
  Block: Kite shield       |       |       |       |       |       |  1016 |   601 |       |       ||  1617
         Reflection        |       |       |       |       |       |     8 |     4 |       |       ||    12
         Tower shield      |       |       |       |       |       |       |   608 |  2052 |  2695 ||  5355
         Form:             |       |       |       |       |     1 |     1 |       |       |     1 ||     3
         Beast             |       |       |       |       |     1 |       |       |       |       ||     1
         Maw               |       |       |       |       |       |     1 |       |       |       ||     1
         Death             |       |       |       |       |       |       |       |       |     2 ||     2

Levels and vault maps discovered:
D:1:      dpeg_arrival_pits, layout_loops_ring, serial_bayou,
          serial_bayou_shore_b, serial_bayou_ford_a, serial_bayou_crossing,
          serial_bayou_lagoon_b
D:2:      layout_loops_ring, chequers_ecumenical_altar_island
D:3:      layout_rooms, okawaru_gym_becter, serial_shops, shop
D:4:      layout_cave_pools, minmay_temple_entry_slanted, uniq_sigmund,
          uniq_natasha
D:5:      layout_basic
D:6:      layout_basic, ebering_ghost_rock_garden, nicolae_stop_n_shop_2,
          uniq_maggie
D:7:      layout_rooms, serial_shops, nicolae_shop_statue_plus, enter_bailey_3,
          serial_curves, eino_curves_01, eino_curves_04, eino_curves_02,
          eino_curves_01, chequers_serial_rivers_large_a,
          nicolae_concentric_dashed_squares_wild, minmay_nine_imps
D:8:      layout_basic, vehumet_crystals
D:9:      layout_irregular_city, mainiacjoe_overflow_alcove_1, uniq_jeremiah
D:10:     lemuel_insect_pit, layout_cave_pools, nemelex_spade_bored_becter,
          mainiacjoe_overflow_alcove_2, chequers_temple_overflow_minitemple,
          grunt_temple_overflow_cloverleaf, uniq_harold
D:11:     layout_roguey, erik_lair_orcish_takeover, hiddenorc2_lemuel,
          uniq_lodul, uniq_fannar
D:12:     layout_rooms, serial_glass, glass_columns_a, glass_columns_a,
          item_on_display_a, feat_on_display, item_on_display_a,
          due_unseen_surprise, nzn_hepliaklqana_mist_gate, uniq_maurice
D:13:     layout_cave_pools
D:14:     hellmonk_crumbling_castle, layout_gridville, david_vaults_5,
          dreamdust_princess_bridge, minivault_14, chequers_jeans
D:15:     hellmonk_depths_entry_around_the_bend, layout_basic, moated_statue,
          minmay_misc_feat_rows, uniq_roxanne
Lair:1:   layout_roguey, grunt_megastairs_5, uniq_erica
Lair:2:   nzn_winding_woodlands_medium [nzn_winding_woodlands_5x5_closed_star,
          nzn_winding_woodlands_5x15_parted, nzn_winding_woodlands_hourglass,
          nzn_winding_woodlands_5x5_cross, nzn_winding_woodlands_center_lodge,
          nzn_winding_woodlands_5x5_three, nzn_winding_woodlands_5x5_perimeter,
          nzn_winding_woodlands_5x15_sawtooth,
          nzn_winding_woodlands_5x5_default], layout_long_grid,
          hellmonk_spider_entry_life_and_decay
Lair:3:   layout_concentric_octagons, skrybe_swamp_entry_bodies,
          nicolae_lair_grazing_beasts [nicolae_sub_lair_graze_edge,
          nicolae_sub_lair_graze_edge, nicolae_sub_lair_graze_edge,
          nicolae_sub_lair_graze_edge], uniq_sonja
Lair:4:   layout_roguey, minmay_slime_entry_oklob_enclosed, enter_volcano_4,
          lemuel_fruit_fields
Lair:5:   evil_forest, layout_hall_layers
Swamp:1:  layout_basic_swamp, nicolae_swamp_oxbows
Swamp:2:  layout_falls_marsh, nicolae_swamp_well_well_well,
          nicolae_swamp_tree_isthmus, infiniplex_staircase_pool
Swamp:3:  cheibrodos_swamp_monstrosity, layout_basic_swamp,
          nicolae_swamp_some_circles, nicolae_swamp_decorative_isthmus
Swamp:4:  nzn_swamp_witches_coven, layout_basic_swamp, uniq_aizul
Spider:1: cheibrodos_forgotten_conduit, special_room [special_room_bee]
Spider:2: layout_spider_delve
Spider:3: layout_spider_delve, drop_trap, hellmonk_test_site, uniq_arachne,
          uniq_bai_suzhen
Spider:4: grunt_spider_rune_parallel, uniq_donald
Orc:1:    layout_diamond_mine, hangedman_feature_mirror
Orc:2:    hellmonk_orc_salted, layout_diamond_mine, serial_shops,
          nicolae_shop_overgrown_old_shop, uniq_jorgrun
Elf:1:    minmay_elf_arrival_circle, layout_gridlike, basic_altar, serial_shops,
          nicolae_shop_waterfront, hangedman_elf_represent, hellmonk_elf_help
Elf:2:    elven_hall_of_blades_hangedman_alternative
          [nicolae_blade_entry_hurt_lockers], layout_loops_cross,
          serial_sigils_hangedman_quiver, kb_rosetta
Elf:3:    minmay_elf_hall_statues, layout_loops_cross, basic_altar,
          serial_shops, shop, nicolae_shop_back_alley_shop, shop, drop_trap,
          amethyst_killhole
Vaults:1: portal_desolation_entry_ruin, nicolae_vaults_two_Ls,
          nicolae_vaults_trapezoid_lopsided_3, nicolae_vaults_tetromino_L_1,
          hangedman_vaults_restitches, nicolae_vaults_trapezoid_lopsided_4,
          serial_library_hellmonk_open_square,
          nicolae_vaults_trapezoid_lopsided_3, nicolae_vaults_yaktaur_gun_rack,
          nicolae_vaults_tetromino_Z_1, layout_vaults_quadrants
Vaults:2: nicolae_vaults_variable_pillar_hall, nicolae_vaults_house_2,
          hangedman_vaults_stitches, v_misc_18, nicolae_vaults_arrows,
          nicolae_vaults_hexular_roomagon, vaults_room_grid, vaults_room_boxed,
          v_misc_32, v_misc_4, ontoclasm_vaults_decontamination,
          layout_vaults_big_cross
Vaults:3: vaults_room_stairs_pillars, nicolae_vaults_spaceships,
          nicolae_vaults_offset_grid_hallway_1, ontoclasm_vaults_loading_screen,
          ontoclasm_vaults_twist, nicolae_vaults_security_offices_3,
          minmay_crypt_entry_skeletal_spiral, vaults_room_pools,
          hangedman_vaults_hat, vaults_dpeg_doors, grunt_vaults_hallway_long,
          v_alt_pattern_4, vaults_mumra_lcd, ontoclasm_vaults_shuriken,
          hangedman_vaults_river_flow, vaults_dpeg_diagonal, layout_vaults_maze,
          enter_trove_1, uniq_zenata
Vaults:4: hangedman_vaults_nails, nicolae_vaults_little_squares_2,
          nicolae_vaults_closet_pinwheel_2, hangedman_vaults_impose,
          nicolae_vaults_diagonal_hallway_7, ontoclasm_vaults_idyll,
          nicolae_vaults_quartermaster, ontoclasm_vaults_idyll,
          vaults_room_fours, vaults_standard_mumra_lines,
          nicolae_vaults_weapon_check, vaults_dpeg_ring,
          nicolae_vaults_surprise_closet, nicolae_vaults_offset_grid_hallway_1,
          vaults_room_pool, nicolae_vaults_little_squares_5, v_misc_16,
          layout_vaults_ring, serial_shops, shop
Vaults:5
Crypt:1:  layout_rooms, infiniplex_enter_wizlab_spiral, hex_tiny,
          grunt_megastairs_4
Crypt:2:  layout_regular_city, nicolae_crypt_diagonal_loculi
Crypt:3:  evilmike_haunted_forest
Depths:1: layout_big_octagon, hangedman_tar_grid_catacomb, dk_noncrumbling_2,
          abandoned_shop, evilmike_ruin_ashenzari, minmay_shop_star
Depths:2: minmay_tri_stars, layout_gridlike, hell_entry, serial_bayou_shore_b,
          rand_demon_pan_entry_7, serial_shops, nicolae_shop_mannequins,
          nicolae_shop_crystal, minmay_crystal_water, uniq_norris
Depths:3: minmay_haunted_quarter, layout_cave_pools, enter_ziggurat_e,
          abyss_entry, special_room [special_room_mythical_zoo],
          yredelemnul_altar_generic, hangedman_geh_valley,
          nicolae_qazlal_eye_of_the_storm, infiniplex_staircase_9_rooms,
          serial_bayou_shore_b, uniq_vv
Depths:4: evilmike_zot_entry_basic, layout_gridlike,
          grunt_hell_entry_demonic_statue, uniq_frederick
Hell
Zot:1:    kennysheep_blocky_room, layout_twisted_circle, uniq_grunn
Zot:2:    layout_gridlike, regret_index_zotdec_silver_v_v_orig_slice,
          skrybe_zot_glass_3
Zot:4:    dreamdust_black_sun_cult, layout_onion,
          regret_index_zotdec_under_construction, zot_minivault_6,
          grunt_megastairs_2

Notes
Turn   | Place    | Note
-------+----------+-------------------------------------------
     0 | D:1      | Kepler22b the Oni Shapeshifter began the quest for the Orb.
     0 | D:1      | Reached XP level 1. HP: 19/19 MP: 1/1
    20 | D:1      | Reached skill level 2 in Fighting
    49 | D:1      | Reached XP level 2. HP: 16/29 MP: 2/2
   244 | D:1      | Reached skill level 3 in Fighting
   379 | D:1      | Reached XP level 3. HP: 39/39 MP: 3/3
   435 | D:1      | Reached skill level 4 in Fighting
  1194 | D:2      | Identified the +10 trident of War {elec, rC+ Str+3}
  1214 | D:2      | Found a faded altar of an unknown god.
  1287 | D:2      | Reached XP level 4. HP: 49/49 MP: 4/4
  1602 | D:3      | Found an iron altar of Okawaru.
  1609 | D:3      | Reached skill level 5 in Fighting
  1609 | D:3      | Reached skill level 1 in Polearms
  1623 | D:3      | Became a worshipper of Warmaster Okawaru
  1651 | D:3      | Reached skill level 1 in Invocations
  1651 | D:3      | Reached XP level 5. HP: 27/57 MP: 4/6
  1813 | D:3      | Found Sitenos's Distillery.
  1820 | D:3      | Bought a potion of curing for 42 gold pieces
  1820 | D:3      | Bought a potion of heal wounds for 70 gold pieces
  2106 | D:4      | Reached skill level 2 in Polearms
  2170 | D:4      | Reached skill level 2 in Invocations
  2192 | D:4      | Noticed Sigmund
  2198 | D:4      | Killed Sigmund
  2198 | D:4      | Reached * piety under Okawaru
  2199 | D:4      | Reached skill level 3 in Polearms
  2199 | D:4      | Reached skill level 4 in Invocations
  2199 | D:4      | Reached XP level 6. HP: 66/66 MP: 6/9
  2366 | D:4      | Noticed Natasha
  2373 | D:4      | Killed Natasha
  2428 | D:4      | Found a staircase to the Ecumenical Temple.
  2522 | D:4      | Noticed Natasha
  2526 | D:4      | Killed Natasha
  2586 | D:4      | Noticed Natasha
  2590 | D:4      | Killed Natasha
  2698 | D:4      | Found a staircase to the Ecumenical Temple.
  2955 | D:5      | Entered Level 5 of the Dungeon
  2989 | D:5      | Reached skill level 5 in Invocations
  2989 | D:5      | Reached XP level 7. HP: 72/72 MP: 10/10
  3047 | D:5      | Reached ** piety under Okawaru
  3048 | D:5      | Reached skill level 4 in Polearms
  3326 | D:5      | Reached skill level 6 in Invocations
  3421 | D:5      | Reached skill level 1 in Throwing
  3630 | D:5      | Reached skill level 5 in Polearms
  3630 | D:5      | Reached XP level 8. HP: 74/80 MP: 12/12
  3776 | D:5      | Reached skill level 2 in Throwing
  3962 | D:3      | Bought a potion of brilliance for 56 gold pieces
  3962 | D:3      | Bought a potion of might for 56 gold pieces
  4024 | D:6      | Found Erieckaz's General Store.
  4032 | D:6      | Bought a scroll of amnesia for 56 gold pieces
  4032 | D:6      | Bought a scroll of identify for 28 gold pieces
  4034 | D:6      | Identified a potion of experience
  4036 | D:6      | Reached skill level 11 in Fighting
  4036 | D:6      | Reached skill level 9 in Polearms
  4036 | D:6      | Reached skill level 5 in Shapeshifting
  4036 | D:6      | Reached XP level 9. HP: 105/105 MP: 14/14
  4039 | D:6      | Noticed Maggie
  4046 | D:6      | Killed Maggie
  4047 | D:6      | Reached skill level 3 in Throwing
  4047 | D:6      | Reached skill level 7 in Invocations
  4223 | D:6      | Found a runed translucent gate.
  4223 | D:6      | Found a runed translucent gate.
  4223 | D:6      | Found a runed translucent gate.
  4231 | D:6      | Noticed rozman's ghost (novice OpSh)
  4236 | D:6      | Killed rozman's ghost
  4236 | D:6      | Reached *** piety under Okawaru
  4237 | D:6      | Reached skill level 4 in Throwing
  4383 | D:6      | Reached skill level 5 in Throwing
  4681 | D:6      | Reached XP level 10. HP: 104/114 MP: 15/15
  4768 | D:7      | Found a flagged portal.
  4785 | Bailey   | Entered a bailey
  4795 | Bailey   | Reached skill level 6 in Throwing
  5448 | Bailey   | Reached **** piety under Okawaru
  5530 | Bailey   | Reached skill level 7 in Throwing
  6301 | Bailey   | Reached skill level 8 in Throwing
  6967 | D:7      | Found Wonwiujo's Weapon Shop.
  7492 | D:7      | Reached skill level 9 in Throwing
  7749 | D:7      | Reached skill level 1 in Armour
  7754 | D:7      | Reached skill level 2 in Armour
  7754 | D:7      | Reached XP level 11. HP: 59/120 MP: 16/16
  7920 | D:7      | Reached skill level 3 in Armour
  7927 | D:7      | Reached ***** piety under Okawaru
  7928 | D:7      | Reached skill level 4 in Armour
  8196 | D:8      | Reached skill level 5 in Armour
  8240 | D:8      | Found a radiant altar of Vehumet.
  8372 | D:8      | Received a gift from Okawaru
  8597 | D:9      | Reached skill level 6 in Armour
  8718 | D:9      | Noticed Jeremiah
  8733 | D:9      | Killed Jeremiah
  8734 | D:9      | Reached skill level 7 in Armour
  9170 | D:9      | Found a white marble altar of Elyvilon.
  9173 | D:9      | Reached skill level 8 in Armour
  9245 | D:9      | Reached skill level 9 in Armour
  9775 | D:10     | Entered Level 10 of the Dungeon
  9775 | D:10     | Noticed a two-headed ogre
  9778 | D:10     | Killed a two-headed ogre
  9779 | D:10     | Reached skill level 10 in Armour
  9783 | D:10     | Noticed Harold
  9792 | D:10     | Killed Harold
  9795 | D:10     | Reached skill level 11 in Armour
 10005 | D:10     | Received a gift from Okawaru
 10014 | D:10     | Reached XP level 12. HP: 66/130 MP: 17/17
 10419 | D:10     | Reached skill level 12 in Armour
 10525 | D:10     | Found a snail-covered altar of Cheibriados.
 10530 | D:10     | Found a shimmering altar of Xom.
 10533 | D:10     | Found a shadowy altar of Dithmenos.
 10536 | D:10     | Found a basalt altar of Yredelemnul.
 10669 | D:10     | Found a hide-covered altar of Uskayaw.
 10669 | D:10     | Found a stormy altar of Qazlal.
 10677 | D:10     | Found a blossoming altar of Fedhas.
 10679 | D:10     | Found a faded altar of an unknown god.
 10681 | D:10     | Found a faded altar of an unknown god.
 10796 | D:10     | Found a runed translucent door.
 10805 | D:10     | Found a runed translucent door.
 10830 | D:10     | Found a sparkling altar of Nemelex Xobeh.
 10947 | D:10     | Found a sacrificial altar of Ru.
 11122 | D:11     | Reached skill level 12 in Fighting
 11244 | D:11     | Found a staircase to the Lair.
 11508 | D:11     | Found a staircase to the Orcish Mines.
 11747 | D:11     | Noticed Fannar
 11762 | D:11     | Killed Fannar
 11763 | D:11     | Reached skill level 13 in Fighting
 11925 | D:11     | Noticed a two-headed ogre
 11932 | D:11     | Killed a two-headed ogre
 12033 | D:11     | Noticed Lodul
 12045 | D:11     | Killed Lodul
 12045 | D:11     | Reached ****** piety under Okawaru
 12046 | D:11     | Reached skill level 14 in Fighting
 12050 | D:11     | Reached skill level 1 in Shields
 12463 | D:11     | Reached skill level 2 in Shields
 12737 | D:12     | Reached skill level 3 in Shields
 13177 | Orc:1    | Entered Level 1 of the Orcish Mines
 13231 | Lair:1   | Entered Level 1 of the Lair of Beasts
 13285 | Lair:1   | Reached skill level 4 in Shields
 13631 | Lair:1   | Received a gift from Okawaru
 13663 | Lair:1   | Reached skill level 5 in Shields
 13821 | Lair:1   | Reached skill level 6 in Shields
 13892 | Lair:1   | Reached XP level 13. HP: 143/146 MP: 18/18
 13935 | Lair:1   | Reached skill level 7 in Shields
 14176 | Lair:1   | Noticed Erica
 14191 | Lair:1   | Killed Erica
 14206 | Lair:1   | Received a gift from Okawaru
 14524 | Lair:1   | Reached skill level 8 in Shields
 15075 | Lair:1   | Acquired the +6 gold dragon scales "Quany" {rPois rF+ rC+
                  | Regen+ Dex+3 Stlth+}
 15075 | Lair:1   | Received a gift from Okawaru
 15416 | Lair:2   | Received a gift from Okawaru
 15545 | Lair:2   | Found a hole to the Spider Nest.
 15687 | Lair:2   | Reached skill level 13 in Armour
 16025 | Lair:3   | Found a staircase to the Swamp.
 16327 | Lair:2   | Received a gift from Okawaru
 16437 | Lair:3   | Reached skill level 14 in Armour
 16529 | Lair:3   | Reached XP level 14. HP: 139/156 MP: 19/19
 16550 | Lair:3   | Identified the +0 robe "Areenwun" {Fly rPois rC-}
 16680 | Lair:3   | Reached skill level 10 in Polearms
 16763 | Lair:3   | Reached skill level 2 in Dodging
 16862 | Lair:3   | Received a gift from Okawaru
 16934 | Lair:3   | Reached skill level 3 in Dodging
 17012 | Lair:3   | Reached skill level 15 in Fighting
 17069 | Lair:3   | Noticed Sonja
 17075 | Lair:3   | Killed Sonja
 17431 | Lair:4   | Reached skill level 4 in Dodging
 17746 | Lair:4   | Found a dark tunnel.
 17751 | Volcano  | Entered a volcano
 17782 | Volcano  | Reached skill level 11 in Polearms
 17783 | Volcano  | Found a burning altar of Makhleb.
 18021 | Lair:4   | Found a viscous altar of Jiyva.
 18127 | Lair:4   | Found a staircase to the Slime Pits.
 18510 | Lair:5   | Entered Level 5 of the Lair of Beasts
 18521 | Lair:5   | Received a gift from Okawaru
 18592 | Lair:5   | Reached skill level 16 in Fighting
 18654 | Lair:5   | Reached skill level 12 in Polearms
 18729 | Lair:5   | Found a burning altar of Makhleb.
 18757 | Lair:5   | Received a gift from Okawaru
 18978 | Lair:5   | Found a gateway to Hell.
 19160 | Lair:5   | Reached skill level 10 in Throwing
 19224 | Lair:5   | Reached XP level 15. HP: 165/170 MP: 20/20
 19573 | Lair:5   | Reached skill level 11 in Throwing
 19858 | Lair:5   | Received a gift from Okawaru
 19869 | Lair:5   | Identified 2 scrolls of acquirement
 19870 | Lair:5   | Acquired the +2 hat "Budghef" {rN+}
 20077 | Lair:5   | Acquired a manual of Fighting
 20391 | D:12     | Found a hazy altar of Hepliaklqana.
 20516 | D:12     | Noticed Maurice
 20527 | D:12     | Maurice stole 37 javelins
 20529 | D:12     | Maurice stole a ring of resist corrosion
 20531 | D:12     | Killed Maurice
 21035 | D:13     | Reached skill level 17 in Fighting
 21072 | D:13     | Received a gift from Okawaru
 21447 | D:13     | Acquired the +8 demon trident of the Hidden Vale {flame,
                  | Fly rF+ Int+4 Stlth+}
 21447 | D:13     | Received a gift from Okawaru
 21770 | D:14     | Reached skill level 12 in Throwing
 21986 | D:14     | Reached skill level 18 in Fighting
 22183 | D:14     | Found a gate to the Vaults.
 22198 | D:14     | Got Ujeyx's Catalogue of Corpses and Curses
 22640 | D:15     | Entered Level 15 of the Dungeon
 22659 | D:15     | Received a gift from Okawaru
 22702 | D:15     | Noticed Roxanne
 22725 | D:15     | Killed Roxanne
 22726 | D:15     | Reached skill level 19 in Fighting
 23000 | D:15     | Reached skill level 5 in Dodging
 23022 | D:15     | Reached skill level 13 in Polearms
 23130 | D:15     | Reached XP level 16. HP: 111/189 MP: 21/21
 23394 | D:15     | Received a gift from Okawaru
 23434 | D:15     | Noticed a tengu reaver
 23447 | D:15     | Killed a tengu reaver
 23448 | D:15     | Reached skill level 14 in Polearms
 23509 | D:15     | Found a staircase to the Depths.
 23978 | Orc:2    | Entered Level 2 of the Orcish Mines
 24082 | Orc:2    | Found a staircase to the Elven Halls.
 24082 | Orc:2    | Noticed Jorgrun
 24102 | Orc:2    | Killed Jorgrun
 24103 | Orc:2    | Reached skill level 20 in Fighting
 24486 | Orc:2    | Found Nadywkif's Antique Weapon Boutique.
 24671 | Orc:2    | Reached skill level 21 in Fighting
 24672 | Orc:2    | Received a gift from Okawaru
 24684 | Orc:2    | Found Kitaseul's Antique Weapon Shoppe.
 24687 | Orc:2    | Found Aforum's Magic Scroll Shoppe.
 24735 | Orc:2    | Found Sidugh's Antique Armour Shop.
 24826 | Orc:2    | Found Vam Pafung's Weapon Shoppe.
 25385 | Swamp:1  | Entered Level 1 of the Swamp
 25437 | Swamp:1  | Reached skill level 22 in Fighting
 25455 | Swamp:1  | Noticed a fenstrider witch
 25463 | Swamp:1  | Killed a fenstrider witch
 25495 | Swamp:1  | Reached skill level 9 in Shields
 25754 | Swamp:1  | Received a gift from Okawaru
 26103 | Swamp:2  | Reached skill level 10 in Shields
 26632 | Swamp:3  | Reached skill level 11 in Shields
 26644 | Swamp:3  | Reached XP level 17. HP: 179/208 MP: 22/22
 27072 | Swamp:3  | Reached skill level 6 in Shapeshifting
 27214 | Swamp:3  | Noticed a tentacled monstrosity
 27243 | Swamp:3  | Killed a tentacled monstrosity
 27243 | Swamp:3  | Received a gift from Okawaru
 27533 | Swamp:4  | Entered Level 4 of the Swamp
 27541 | Swamp:4  | Reached skill level 12 in Shields
 27615 | Swamp:4  | Reached skill level 7 in Shapeshifting
 27616 | Swamp:4  | Paralysed by a hornet for 1 turns
 27714 | Swamp:4  | Noticed a tentacled monstrosity
 27725 | Swamp:4  | Killed a tentacled monstrosity
 27770 | Swamp:4  | Identified the serpent talisman of Awoov {Str+3}
 27770 | Swamp:4  | Noticed Aizul
 27780 | Swamp:4  | Killed Aizul
 27832 | Swamp:4  | Identified a potion of resistance
 27993 | Swamp:4  | Identified the +0 scale mail of Jenoitac {rN+ Regen+ Int+2
                  | Dex+3}
 28022 | Swamp:4  | Reached skill level 8 in Shapeshifting
 28160 | Swamp:4  | Received a gift from Okawaru
 28199 | Swamp:4  | Noticed a tentacled monstrosity
 28208 | Swamp:4  | Killed a tentacled monstrosity
 28219 | Swamp:4  | Reached skill level 9 in Shapeshifting
 28291 | Swamp:4  | Received a gift from Okawaru
 28334 | Swamp:4  | Got a decaying rune of Zot
 28387 | Swamp:4  | Reached skill level 10 in Shapeshifting
 28914 | Spider:1 | Entered Level 1 of the Spider Nest
 29177 | Spider:1 | Received a gift from Okawaru
 29331 | Spider:1 | Reached skill level 13 in Shields
 29335 | Spider:1 | Reached XP level 18. HP: 218/218 MP: 23/23
 29352 | Spider:1 | Identified the +2 ring mail "Saynwiy" {rElec rF+}
 29851 | Spider:1 | Reached skill level 8 in Invocations
 30033 | Spider:2 | Received a gift from Okawaru
 30180 | Spider:2 | Reached skill level 23 in Fighting
 30309 | Spider:2 | Reached skill level 6 in Dodging
 30689 | Spider:3 | Noticed Arachne
 30723 | Spider:3 | Killed Arachne
 30723 | Spider:3 | Received a gift from Okawaru
 30889 | Spider:3 | Reached skill level 7 in Dodging
 31164 | Spider:3 | Noticed Bai Suzhen
 31190 | Spider:3 | HP: 8/222 [Bai Suzhen (16)]
 31192 | Spider:3 | Killed Bai Suzhen
 31197 | Spider:3 | Reached skill level 8 in Dodging
 31469 | Spider:3 | Gained mutation: You occasionally shout uncontrollably at
                  | your foes. [mutagenic glow]
 31806 | Spider:4 | Entered Level 4 of the Spider Nest
 31806 | Spider:4 | Noticed Donald
 31824 | Spider:3 | Killed Donald
 32621 | Spider:3 | Received a gift from Okawaru
 32922 | Spider:4 | Reached skill level 13 in Throwing
 33393 | Spider:4 | Reached XP level 19. HP: 227/231 MP: 0/25
 33470 | Spider:4 | Received a gift from Okawaru
 33471 | Spider:4 | Reached skill level 14 in Throwing
 34039 | Spider:4 | Identified the +0 hat of Forking Paths {rN+ Stlth+}
 34054 | Spider:4 | Got a gossamer rune of Zot
 34489 | Vaults:1 | Entered Level 1 of the Vaults
 34538 | Vaults:1 | Reached skill level 15 in Throwing
 34608 | Vaults:1 | Found a crumbling gateway.
 34613 | Desolati | Entered the Desolation of Salt
 34656 | Desolati | Received a gift from Okawaru
 34843 | Desolati | Reached skill level 9 in Dodging
 35404 | Desolati | Identified the ring "Sedwuani" {rElec rPois rN+ Int+3}
 35523 | Desolati | Received a gift from Okawaru
 35666 | Desolati | Identified the +1 halberd "Gimem" {holy, rPois SInv}
 35668 | Desolati | Got the Papyrus of the Frostbound Birds
 35700 | Desolati | Identified the ring of Rays {+Blink rElec Dex+6}
 35729 | Desolati | Identified the amulet "Caeleade" {Faith rC++ rN+ Dex-2
                  | SInv}
 35742 | Desolati | Identified the ring of Letawn {rC+ rCorr}
 35756 | Desolati | Got the Cyclopedia of Nephomancy
 36148 | Vaults:1 | Reached skill level 15 in Armour
 36298 | Vaults:1 | Identified a scarf of resistance
 36700 | Vaults:1 | Reached skill level 10 in Dodging
 36930 | Vaults:1 | Received a gift from Okawaru
 37473 | Vaults:2 | Reached XP level 20. HP: 220/240 MP: 26/26
 37510 | Vaults:2 | Received a gift from Okawaru
 37518 | Vaults:2 | Reached skill level 16 in Armour
 37639 | Vaults:2 | HP: 20/240 [dire elephant (21)]
 38266 | Vaults:2 | Reached skill level 24 in Fighting
 38562 | Vaults:2 | Received a gift from Okawaru
 39278 | Vaults:2 | Reached skill level 25 in Fighting
 40046 | Vaults:3 | Received a gift from Okawaru
 40398 | Vaults:3 | Found a portal to a secret trove of treasure.
 40445 | Vaults:3 | You paid a toll of 3 potions of resistance to enter a
                  | treasure trove
 40446 | Trove    | Entered a treasure trove
 40519 | Trove    | Identified the +0 helmet of Vlad {rF+ rC+}
 40522 | Trove    | Identified the +0 helmet "Uqiffong" {rF+}
 40528 | Trove    | Found the +10 tower shield of Ignorance {rN+ Int-4}
 40534 | Trove    | Identified the orb of the Moon Troll {mayhem, Regen+ Necro}
 40577 | Trove    | Identified the +1 pair of gloves of Umipan {rC+ Dex+4}
 40604 | Trove    | Identified the +2 pair of boots of Dim Light {rPois Stlth+}
 40605 | Trove    | Identified the +3 pair of boots of Indomitability {*Slow
                  | rC++ rN+ Stlth+}
 40608 | Trove    | Identified the +1 pair of boots "Arolug" {rPois rC+ Str-3
                  | Slay+3}
 40862 | Vaults:3 | Reached skill level 26 in Fighting
 40879 | Vaults:3 | Noticed Zenata
 40914 | Vaults:3 | Killed Zenata
 41013 | Vaults:3 | Found a staircase to the Crypt.
 41203 | Vaults:3 | Received a gift from Okawaru
 41225 | Vaults:3 | Reached XP level 21. HP: 257/261 MP: 27/27
 41416 | Vaults:3 | Reached skill level 14 in Shields
 42039 | Vaults:4 | Received a gift from Okawaru
 42078 | Vaults:4 | Reached skill level 15 in Shields
 42324 | Vaults:4 | Found Riyllin's Antique Weapon Emporium.
 42625 | Vaults:4 | Received a gift from Okawaru
 42995 | Vaults:4 | Reached skill level 16 in Shields
 43235 | Elf:1    | Entered Level 1 of the Elven Halls
 43644 | Elf:1    | Received a gift from Okawaru
 43666 | Elf:1    | Found a huge runed translucent gate.
 43668 | Elf:1    | Found a huge runed translucent gate.
 43669 | Elf:1    | Found a huge runed translucent gate.
 43751 | Elf:1    | Found a huge runed translucent gate.
 43751 | Elf:1    | Found a huge runed translucent gate.
 43751 | Elf:1    | Found a huge runed translucent gate.
 43751 | Elf:1    | Found a huge runed translucent gate.
 43751 | Elf:1    | Found a huge runed translucent gate.
 43751 | Elf:1    | Found a huge runed translucent gate.
 43751 | Elf:1    | Found a huge runed translucent gate.
 43751 | Elf:1    | Found a huge runed translucent gate.
 43752 | Elf:1    | Found a huge runed translucent gate.
 43752 | Elf:1    | Found a huge runed translucent gate.
 43752 | Elf:1    | Found a huge runed translucent gate.
 43752 | Elf:1    | Found a huge runed translucent gate.
 43752 | Elf:1    | Found a huge runed translucent gate.
 43752 | Elf:1    | Found a huge runed translucent gate.
 43752 | Elf:1    | Found a huge runed translucent gate.
 43752 | Elf:1    | Found a huge runed translucent gate.
 43752 | Elf:1    | Found a huge runed translucent gate.
 43973 | Elf:1    | Reached skill level 17 in Shields
 44095 | Elf:1    | Found Nefoqa Sup's Jewellery Emporium.
 44221 | Elf:1    | Found a radiant altar of Vehumet.
 44396 | Elf:1    | Got the Omnibus of Get Rich Quick!
 44471 | Elf:1    | Bought a talisman of death for 1520 gold pieces
 44630 | Elf:2    | Reached XP level 22. HP: 270/270 MP: 28/28
 44722 | Elf:2    | Paralysed by an air elemental for 1 turns
 44787 | Elf:2    | Found a huge runed translucent gate.
 44787 | Elf:2    | Found a huge runed translucent gate.
 44787 | Elf:2    | Found a huge runed translucent gate.
 44787 | Elf:2    | Found a huge runed translucent gate.
 44787 | Elf:2    | Found a huge runed translucent gate.
 44931 | Elf:2    | Received a gift from Okawaru
 45243 | Elf:3    | Entered Level 3 of the Elven Halls
 45271 | Elf:3    | Found Miwoogg's Assorted Antiques.
 45300 | Elf:3    | Found Qiteceq's Armour Shoppe.
 45487 | Elf:3    | Found Qiprupy's Antique Weapon Shop.
 45556 | Elf:3    | Found a radiant altar of Vehumet.
 46363 | Elf:3    | Reached skill level 18 in Shields
 46819 | Elf:3    | Identified the ring of the Prince {rF+ rC++ Int+2 Dex+6}
 47229 | Elf:3    | Identified the +5 long sword "Etyv" {pain, Will+ Int+2}
 47229 | Elf:3    | Identified the +0 buckler "Ekkep" {rC- rN+++ Will- SInv}
 47229 | Elf:3    | Identified the ring of Imil {rPois rN+ Str+6}
 47462 | Elf:3    | Received a gift from Okawaru
 47760 | Elf:3    | Reached skill level 11 in Shapeshifting
 48275 | Elf:3    | Identified the +4 ring mail of Activism {Rampage *Slow
                  | rCorr Stlth+}
 48275 | Elf:3    | Identified the ring "Icrow" {Fire *Slow Int+4}
 48748 | Elf:3    | Got the Cyclopedia of Hyperborean Incineration
 48757 | Elf:3    | Identified the staff "Ekhlait" {+Blink rElec Int+3 Air}
 49024 | Depths:1 | Entered Level 1 of the Depths
 49219 | Depths:1 | Reached skill level 12 in Shapeshifting
 49380 | Depths:1 | Received a gift from Okawaru
 49461 | Depths:1 | Found Buoptuah's General Store.
 49560 | Depths:1 | Found a broken altar of Ashenzari.
 49959 | Depths:2 | Found a one-way gate leading to the halls of Pandemonium.
 50017 | Depths:2 | Reached skill level 13 in Shapeshifting
 50146 | Depths:2 | Received a gift from Okawaru
 50336 | Depths:2 | Identified the +1 dire flail "Fulatrao" {protect, Str+6}
 50385 | Depths:2 | Reached skill level 14 in Shapeshifting
 50438 | Depths:2 | Identified the +0 robe of Anaesthesia {Rampage MP+9 Stlth+}
 50630 | Depths:2 | Noticed Norris
 50650 | Depths:2 | Killed Norris
 50650 | Depths:2 | Received a gift from Okawaru
 50651 | Depths:2 | Reached XP level 23. HP: 276/279 MP: 29/29
 50843 | Depths:2 | Reached skill level 15 in Shapeshifting
 50947 | Depths:2 | Found Mynaneru's Book Shop.
 51028 | Depths:2 | Found Cemaizu's Weapon Shoppe.
 51430 | Depths:3 | Found a basalt altar of Yredelemnul.
 51764 | Depths:3 | Received a gift from Okawaru
 52043 | Depths:3 | Found a one-way gateway to a ziggurat.
 52088 | Depths:3 | Noticed a golden dragon
 52096 | Depths:3 | Killed a golden dragon
 52132 | Depths:3 | Found a one-way gate to the infinite horrors of the Abyss.
 52154 | Depths:3 | Noticed Vv
 52178 | Depths:3 | Reached skill level 16 in Shapeshifting
 52213 | Depths:3 | Killed Vv
 52423 | Depths:3 | Received a gift from Okawaru
 52811 | Depths:3 | Found a stormy altar of Qazlal.
 52965 | Depths:3 | Reached skill level 17 in Shapeshifting
 53067 | Depths:3 | Identified the staff "Nyetsoem" {rC+ Str+6 Ice}
 53074 | Depths:3 | Identified the +10 morningstar of Destiny {speed, Dex+2}
 53278 | Depths:4 | Entered Level 4 of the Depths
 53293 | Depths:4 | Received a gift from Okawaru
 54153 | Depths:4 | Found a gate to the Realm of Zot.
 54190 | Depths:4 | Reached skill level 18 in Shapeshifting
 54752 | Depths:4 | Identified the orb of Dishonour {light, ^Drain Int+3 Dex+3
                  | Conj}
 54752 | Depths:4 | Noticed Frederick
 54780 | Depths:4 | Killed Frederick
 54781 | Depths:4 | Reached XP level 24. HP: 213/289 MP: 24/29
 54800 | Depths:4 | Received a gift from Okawaru
 55297 | Crypt:1  | Entered Level 1 of the Crypt
 55299 | Crypt:1  | Noticed a curse skull
 55311 | Crypt:1  | Killed a curse skull
 55375 | Crypt:1  | Found a magical portal.
 55380 | WizLab   | Entered Cigotuvi's Fleshworks
 56001 | WizLab   | Reached skill level 19 in Shapeshifting
 56014 | WizLab   | Found the +4 Cigotuvi's embrace {Corpsefed rMiasma ^Drain
                  | rN+}
 56044 | WizLab   | Received a gift from Okawaru
 56154 | WizLab   | Identified the maw talisman of Lucidity {Str+4}
 56547 | Crypt:1  | Noticed a curse skull
 56557 | Crypt:1  | Killed a curse skull
 57369 | Crypt:2  | Received a gift from Okawaru
 57476 | Crypt:2  | Reached skill level 20 in Shapeshifting
 57968 | Crypt:3  | Entered Level 3 of the Crypt
 58057 | Crypt:3  | Identified the ring "Tuwys" {rElec rN+ Stlth+}
 58057 | Crypt:3  | Identified the ring of Appo {rN+ Dex+5}
 58375 | Crypt:3  | Received a gift from Okawaru
 58978 | Crypt:3  | Found a staircase to the Tomb.
 58990 | Crypt:3  | Reached skill level 21 in Shapeshifting
 59200 | Crypt:3  | Found a basalt altar of Yredelemnul.
 59210 | Crypt:3  | Received a gift from Okawaru
 59639 | Crypt:3  | Got the Precepts of the Sphinx
 59649 | Crypt:3  | Got the Folio of the Undead
 59724 | Crypt:3  | Reached XP level 25. HP: 287/299 MP: 29/29
 60229 | Vaults:5 | Entered Level 5 of the Vaults
 60260 | Vaults:5 | Received a gift from Okawaru
 60300 | Vaults:5 | Noticed an ancient lich
 60312 | Vaults:5 | Killed an ancient lich
 60318 | Vaults:5 | Reached skill level 22 in Shapeshifting
 60351 | Vaults:5 | Received a gift from Okawaru
 60574 | Vaults:5 | Got a silver rune of Zot
 61108 | Vaults:5 | Received a gift from Okawaru
 61139 | Vaults:5 | Got the Cyclopedia of Weathered Reagents
 61173 | Vaults:5 | Reached skill level 23 in Shapeshifting
 61291 | Vaults:5 | Reached skill level 1 in Spellcasting
 61346 | Vaults:5 | Reached skill level 2 in Spellcasting
 61373 | Vaults:5 | Identified the ring of the Fabulous Jackfruit {AC+4 Int+4
                  | Stlth-}
 61385 | Vaults:5 | Identified the +6 war axe of Fodupe {heavy, *Slow rElec
                  | rPois rN+++}
 61398 | Vaults:5 | Reached skill level 3 in Spellcasting
 62012 | Vaults:4 | Received a gift from Okawaru
 62017 | Vaults:4 | Reached skill level 4 in Spellcasting
 62273 | Vaults:4 | Reached skill level 5 in Spellcasting
 62535 | Vaults:5 | Identified the +10 quarterstaff of the Realm of Zot
                  | {freeze, rN+ Str+2 Dex+3}
 62882 | Vaults:5 | Identified the +4 ring mail of Ypoamoute {^Contam rPois rC+
                  | rCorr}
 63001 | Vaults:4 | Reached skill level 6 in Spellcasting
 63017 | Vaults:4 | Received a gift from Okawaru
 63279 | Vaults:5 | Reached XP level 26. HP: 264/309 MP: 32/32
 63343 | Vaults:5 | Reached skill level 7 in Spellcasting
 63502 | Vaults:5 | Found Gaesas's Distillery.
 63507 | Vaults:5 | Bought a potion of invisibility for 96 gold pieces
 63507 | Vaults:5 | Bought a potion of curing for 36 gold pieces
 63507 | Vaults:5 | Bought a potion of curing for 36 gold pieces
 63507 | Vaults:5 | Bought a potion of curing for 36 gold pieces
 63507 | Vaults:5 | Bought 2 potions of curing for 72 gold pieces
 63507 | Vaults:5 | Bought a potion of berserk rage for 60 gold pieces
 63628 | Vaults:5 | Found the +3 pair of seven-league boots {Rampage+∞}
 63745 | Vaults:5 | Got Sif Muna's Collected Works on Contaminated Blasting
 63865 | Vaults:5 | Found Upecoz's Magic Scroll Boutique.
 63870 | Vaults:5 | Bought a scroll of revelation for 157 gold pieces
 64865 | Depths:3 | Voluntarily entered the Abyss.
 64875 | Abyss:1  | Found a corrupted altar of Lugonu.
 65059 | Abyss:3  | Got an abyssal rune of Zot
 65617 | Depths:3 | You pass through the gate.
 65617 | Depths:3 | Escaped the Abyss
 65673 | Zig:1    | Entered Level 1 of a ziggurat
 65716 | Zig:2    | Entered Level 2 of a ziggurat
 65727 | Zig:2    | Received a gift from Okawaru
 65753 | Zig:3    | Entered Level 3 of a ziggurat
 65811 | Zig:3    | Identified the +0 war axe of Undoing {elec, Str+3 Dex+6}
 66120 | Zig:4    | Entered Level 4 of a ziggurat
 66154 | Zig:4    | Reached skill level 24 in Shapeshifting
 66224 | Zig:4    | Identified the +5 rapier of the Goat {heavy, Fly}
 66227 | Zig:5    | Entered Level 5 of a ziggurat
 66232 | Zig:5    | Noticed Jeiraw the pandemonium lord
 66251 | Zig:5    | Killed Jeiraw the pandemonium lord
 66252 | Zig:5    | Reached skill level 17 in Armour
 66499 | Zig:5    | Identified the +4 robe "Dushaiwk" {Int+3}
 66501 | Zig:5    | Identified the +5 scimitar of Tenacity {speed, Will+ rCorr
                  | Dex+3 Stlth+}
 66811 | Zig:6    | Entered Level 6 of a ziggurat
 66817 | Zig:6    | Noticed a royal mummy
 66839 | Zig:6    | Killed a royal mummy
 66914 | Zig:6    | Identified the ring of Wust {AC+4 Stlth+}
 67119 | Zig:7    | Entered Level 7 of a ziggurat
 67125 | Zig:7    | Noticed an ancient lich
 67155 | Zig:7    | Killed an ancient lich
 67156 | Zig:7    | Reached skill level 18 in Armour
 67170 | Zig:7    | Received a gift from Okawaru
 67451 | Zig:7    | Identified the +0 plate armour of Egreafuw {Regen+ Dex+3}
 67659 | Zig:8    | Entered Level 8 of a ziggurat
 67741 | Zig:8    | Reached skill level 19 in Armour
 68106 | Zig:9    | Entered Level 9 of a ziggurat
 68249 | Zig:9    | Identified the +2 cloak "Qiok Utu" {rN+ MP+9 Str+3 Dex-3}
 68293 | Zig:9    | Reached XP level 27. HP: 319/319 MP: 33/33
 68437 | Hell     | Entered the Vestibule of Hell
 68437 | Hell     | Noticed Geryon
 68498 | Depths:3 | Received a gift from Okawaru
 68680 | Depths:3 | Reached skill level 11 in Dodging
 69086 | Hell     | Reached skill level 27 in Fighting
 69315 | Depths:3 | Reached skill level 12 in Dodging
 69797 | Depths:3 | Received a gift from Okawaru
 70055 | Hell     | Killed Geryon
 70490 | Hell     | Found a gateway to the Iron City of Dis.
 70577 | Hell     | Found a gateway to the ashen valley of Gehenna.
 70593 | Hell     | Reached skill level 13 in Dodging
 70697 | Hell     | Found a gateway to the decaying netherworld of Tartarus.
 70770 | Hell     | Found a gateway to the freezing wastes of Cocytus.
 70891 | Zot:1    | Entered Level 1 of the Realm of Zot
 71534 | Zot:1    | Noticed an electric golem
 71554 | Zot:1    | Noticed Grunn
 72136 | Zot:1    | Noticed a curse toe
 72176 | Zot:1    | Killed a curse toe
 72230 | Zot:1    | Killed an electric golem
 72282 | Zot:1    | Received a gift from Okawaru
 72409 | Zot:1    | Killed Grunn
 72601 | Zot:1    | Reached skill level 19 in Shields
 72732 | Zot:1    | Identified the +6 whip of the Evening {venom, +Blink rF+
                  | rC- Str+5 Dex-5}
 72995 | Zot:2    | You are sucked into a shaft and drop 2 floors!
 73032 | Zot:4    | HP: 14/323 [protean progenitor (23)]
 73034 | Zot:4    | Slain by a protean progenitor

Vanquished Creatures
  2 ancient liches
  Frederick (Depths:4)
  A pandemonium lord (Zig:5)
  A royal mummy (Zig:6)
  Bai Suzhen (Spider:3)
  Vv (Depths:3)
  A curse toe (Zot:1)
  Geryon (Hell)
  5 golden dragons
  Norris (Depths:2)
  2 profane servitors
  A mutant beast (WizLab)
  4 bone dragons
  Arachne (Spider:3)
  A Tzitzimitl (Zig:5)
  A hellephant (Depths:3)
  2 doom hounds (Zot:1)
  An electric golem (Zot:1)
  A shard shrike zombie (Crypt:3)
  Jorgrun (Orc:2)
  Zenata (Vaults:3)
  13 tentacled monstrosities
  Grunn (Zot:1)
  3 deep elf master archers (Elf:3)
  An acid blob (Zig:9)
  3 quicksilver dragons
  3 liches
  9 titans
  2 searing wretches (Zig:3)
  3 deep elf blademasters
  A tentacled starspawn (Abyss:3)
  7 sphinxes
  2 death cobs
  5 ancient champions
  Roxanne (D:15)
  Donald (Spider:3)
  6 shadow dragons
  11 storm dragons
  7 tengu reavers
  A rockslime (Zig:9)
  5 fenstrider witches
  2 revenants
  Aizul (Swamp:4)
  An imperial myrmidon (Desolation)
  A nargun (Zig:1)
  A protean progenitor (Zot:1)
  6 fire giants
  12 deep elf sorcerers
  2 draconian monks (Zot:1)
  14 vault wardens
  3 emperor scorpions (Spider:4)
  2 draconian shifters
  2 juggernaut zombies (Crypt:2)
  6 deep elf elementalists (Elf:3)
  8 ghouls
  A draconian stormcaller (Zot:1)
  2 iron dragons
  An orc warlord (Vaults:3)
  2 draconian scorchers (Zot:1)
  4 ghost moths
  9 frost giants
  2 quicksilver oozes (Zig:9)
  4 balrugs
  4 broodmothers
  2 draconian annihilators (Zot:1)
  2 curse skulls (Crypt:1)
  4 reapers
  7 very ugly things
  19 ironbound preservers
  A demonspawn corrupter (Zig:5)
  21 stone giants
  4 formless jellyfish
  4 deep elf demonologists
  5 green draconians
  7 ironbound thunderhulks
  4 red draconians (Zot:1)
  A caustic shrike skeleton (Hell)
  3 white draconians
  4 yellow draconians
  6 black draconians
  4 halazid warlocks (Desolation)
  6 deep elf death magi
  12 spark wasps
  7 bunyips
  7 vampire knights
  10 eidola
  A lorocyproca (Depths:3)
  11 deep elf annihilators
  26 dire elephants
  2 eleionomae
  2 purple draconians (Depths:4)
  2 green deaths
  13 ettins
  A mummy priest (Crypt:3)
  3 war gargoyles
  5 fire dragons
  5 blizzard demons
  A merfolk impaler (Depths:4)
  3 shambling mangroves
  4 deep elf high priests
  A quicksilver dragon skeleton (Vaults:3)
  2 entropy weavers
  5 ragged hierophants (Desolation)
  3 jiangshi (Crypt:1)
  17 yaktaur captains
  Fannar (D:11)
  4 rakshasas
  31 vault guards
  2 hell beasts
  9 servants of whispers (Desolation)
  Harold (D:10)
  22 hydras
  14 ice dragons
  4 spriggan zombies (Crypt:3)
  7 peacekeepers
  7 alligators
  3 spriggan air magi (Depths:2)
  6 great orbs of eyes
  A stoker (Depths:3)
  3 jorogumos
  9 radroaches
  Erica (Lair:1)
  5 ogre magi
  4 death knights
  A fenstrider witch skeleton (Hell)
  5 two-headed ogres
  20 centaur warriors
  10 ironbound frosthearts
  4 boulder beetles
  18 dancing weapons
  2 two-headed ogres (shapeshifter) (WizLab)
  A bennu zombie (Crypt:2)
  4 hell hogs (Hell)
  6 vampire magi
  6 deep troll shamans
  4 tengu warriors
  2 death yaks (Lair:2)
  9 demonic crawlers
  An orc high priest (Orc:2)
  4 thrashing horrors
  A titan zombie (Crypt:3)
  11 deep troll earth magi
  3 occultists
  13 hell knights
  9 soul eaters
  11 spriggans
  Sonja (Lair:3)
  10 deep elf knights
  6 sun demons
  4 sixfirhies
  2 titan skeletons
  2 spatial maelstroms (Zig:8)
  4 iron trolls
  A skyshark (shapeshifter) (WizLab)
  A sea snake (shapeshifter) (Vaults:5)
  A goliath frog (shapeshifter) (Vaults:5)
  62 deep trolls
  6 goliath frogs
  9 pharaoh ants
  A shadow demon (Depths:2)
  An anaconda zombie (Hell)
  A death drake (Swamp:4)
  22 skeletal warriors
  A wretched star (Abyss:3)
  7 shadow wraiths
  A storm dragon skeleton (Crypt:2)
  5 skysharks
  2 swamp dragons (shapeshifter) (WizLab)
  17 flayed ghosts
  3 spriggan druids
  3 sun moths
  A mana viper (shapeshifter) (WizLab)
  5 lindwurms
  6 orb spiders
  A snapping turtle (shapeshifter) (Vaults:5)
  Lodul (D:11)
  2 orange crystal statues (Zig:8)
  A golden dragon zombie (Crypt:1)
  9 arcanists
  5 bog bodies
  A spriggan simulacrum (Hell)
  3 deep trolls (shapeshifter) (WizLab)
  2 obsidian statues
  8 deep elf archers
  4 swamp dragons
  6 glowing orange brains
  6 necromancers
  3 bunyip skeletons
  A tengu zombie (Hell)
  9 orc knights
  17 ironbound convokers
  2 shadow dragon zombies
  27 phantasmal warriors
  3 steelbarb worms
  An iron dragon zombie (Crypt:3)
  27 deep elf zephyrmancers
  An alligator zombie (Hell)
  38 ugly things
  22 wolf spiders
  8 orc sorcerers
  18 deep elf pyromancers
  A frost giant zombie (Crypt:1)
  A shining eye (Zig:9)
  Maurice (D:12)
  2 worldbinders
  2 fauns (shapeshifter) (WizLab)
  A tengu skeleton (Zig:2)
  2 frost giant skeletons
  8 moths of wrath
  A manticore (shapeshifter) (WizLab)
  4 cyclopes
  10 manticores
  15 elephants
  The ghost of rozman the Sneak, a novice OpSh of Ru (D:6)
  5 human skeletons (Vaults:3)
  9 meliai
  3 oklob plants (Lair:4)
  An apocalypse crab (Abyss:3)
  4 naga zombies
  19 vault sentinels
  An alligator skeleton (Hell)
  5 will-o-the-wisps
  3 eyes of devastation (Zig:9)
  2 molten gargoyles (Desolation)
  2 moths of wrath (shapeshifter) (WizLab)
  5 black mambas
  A gargoyle (D:13)
  7 smoke demons
  11 rust devils
  A cane toad (shapeshifter) (D:14)
  An eleionoma skeleton (Crypt:1)
  A water nymph (shapeshifter) (Vaults:5)
  3 guardian serpents (Desolation)
  2 hellions
  3 eyes of devastation (shapeshifter)
  4 torpor snails
  3 ice statues
  2 orange demons
  Maggie (D:6)
  15 cane toads
  10 rime drakes
  A green draconian zombie (Crypt:1)
  9 large abominations
  Jeremiah (D:9)
  A centaur skeleton (Hell)
  11 freezing wraiths
  14 komodo dragons
  2 kobold demonologists (D:12)
  A komodo dragon (shapeshifter) (WizLab)
  25 yaktaurs
  2 tormentors
  3 efreet
  4 tengu conjurers
  5 guardian mummies
  5 ice devils
  2 polar bears
  2 ancient zymes (Zig:4)
  A harpy zombie (Crypt:3)
  16 trolls
  A silent spectre (Abyss:3)
  A hydra zombie (Hell)
  2 sea snake skeletons (Hell)
  2 unseen horror skeletons (Crypt:2)
  3 red devils
  A polar bear (shapeshifter) (WizLab)
  2 merfolk (shapeshifter) (WizLab)
  A queen bee (Spider:1)
  14 tyrant leeches
  A yaktaur skeleton (Vaults:3)
  8 hellwings
  24 tarantellas
  2 hydra skeletons (Hell)
  A bloated husk (Swamp:4)
  An ettin zombie (Crypt:3)
  A hornet (shapeshifter) (WizLab)
  19 hornets
  57 saltlings
  4 raiju
  10 dream sheep
  A glass eye (shapeshifter) (WizLab)
  6 glass eyes
  A harpy skeleton (Crypt:2)
  14 blink frogs
  Sigmund (D:4)
  2 ettin skeletons
  40 slime creatures
  A spriggan skeleton (Zig:6)
  16 water elementals
  25 jumping spiders
  2 air elementals (Elf:2)
  18 culicivoras
  4 wraiths
  A black mamba skeleton (Hell)
  3 shadows
  2 vampires (D:12)
  4 wyverns
  2 ynoxinuls (Abyss:3)
  73 yaks
  A spriggan (shapeshifter) (WizLab)
  A tyrant leech zombie (Crypt:1)
  An ushabti (Zig:6)
  2 fire elementals (Elf:1)
  A redback (shapeshifter) (WizLab)
  2 wargs
  2 steam dragons
  A hog (shapeshifter) (WizLab)
  5 basilisks
  A golden eye (Zig:9)
  49 redbacks
  An iron golem (WizLab)
  3 elf skeletons (Vaults:3)
  5 neqoxecs
  15 vampire mosquitoes
  11 swamp worms
  4 chaos spawn (Swamp:4)
  An acid dragon (D:12)
  14 hell hounds
  A cane toad zombie (Crypt:2)
  A hydra simulacrum (Hell)
  2 glowing shapeshifter skeletons (Vaults:3)
  20 water moccasins
  An ogre skeleton (Vaults:3)
  A sky beast (D:7)
  20 orc warriors
  A swamp drake (Swamp:1)
  3 ice beasts
  A sky beast (shapeshifter) (D:13)
  A black bear (D:6)
  13 laughing skulls
  A lindwurm zombie (Crypt:2)
  7 small abominations
  12 wolves
  24 centaurs
  12 ogres
  A swamp dragon skeleton (Hell)
  4 weeping skulls (Abyss:3)
  3 kobold brigands
  12 bullfrogs
  14 necrophages
  A gnoll sergeant (D:12)
  2 earth elementals (Elf:1)
  A naga simulacrum (Hell)
  6 scorpions
  11 wyvern skeletons (Crypt:3)
  7 wights
  28 killer bees
  A howler monkey (shapeshifter) (WizLab)
  A bombardier beetle (D:7)
  A howler monkey (D:5)
  2 electric eels (D:15)
  8 crimson imps (D:7)
  A hound (D:5)
  2 iron imps (Abyss:3)
  19 orc priests
  A quasit (Abyss:3)
  2 gnoll boudas
  4 iguanas
  A sleepcap (D:6)
  Natasha (thrice) (D:4)
  24 orc wizards
  7 mummies
  2 adders
  22 gnolls
  2 shadow imps
  2 white imps
  2 ufetubi (Abyss:3)
  A lava snake skeleton (Crypt:1)
  3 dart slugs
  3 ribbon worms
  111 orcs
  8 ball pythons
  2 bats
  7 endoplasms
  2 giant cockroaches (D:10)
  12 goblins
  10 hobgoblins
  4 jackals
  5 quokkas
  A dart slug zombie (Crypt:1)
  2 frilled lizards (D:1)
  14 kobolds
  An orc skeleton (Crypt:2)
  An orc zombie (Crypt:1)
  6 rats
  A butterfly (D:10)
  2 lurking horrors (Abyss:3)
  2 starspawn tentacles (Abyss:3)
2428 creatures vanquished.

Vanquished Creatures (others)
  A stone giant (Depths:4)
  A deep elf zephyrmancer (Elf:2)
  A will-o-the-wisp (Swamp:4)
  A bloated husk (Swamp:4)
  2 golden eyes (Abyss:3)
  A laughing skull (Crypt:1)
  23 foxfires
30 creatures vanquished.

Grand Total: 2458 creatures vanquished

Table legend: (Time is in decaauts)
 A = Elapsed time spent in this place.
 B = Non-inter-level travel time spent in this place.
 C = Inter-level travel time spent in this place.
 D = Time resting spent in this place.
 E = Time spent auto-exploring this place.
 F = Levels seen in this place.
 G = Mean time per level.
                   A        B        C        D        E       F      G
               +--------+--------+--------+--------+--------+-----+--------+
         Total |  69887 |  65979 |   3908 |  20414 |  32513 |  66 | 1058.9 |
       Dungeon |  15575 |  14047 |   1528 |   2227 |   9718 |  15 | 1038.3 |
          Lair |   6850 |   6499 |    351 |   1856 |   3563 |   5 | 1370.0 |
         Swamp |   3311 |   3098 |    213 |    566 |   1836 |   4 |  827.8 |
   Spider Nest |   5133 |   4900 |    233 |   2043 |   1776 |   4 | 1283.2 |
  Orcish Mines |   1329 |   1222 |    107 |    222 |    720 |   2 |  664.5 |
   Elven Halls |   5356 |   5147 |    209 |   2395 |   1945 |   3 | 1785.3 |
        Vaults |  11046 |  10301 |    745 |   3873 |   4425 |   5 | 2209.2 |
         Crypt |   3526 |   3411 |    115 |    305 |   2114 |   3 | 1175.3 |
        Depths |   8169 |   7817 |    352 |   3038 |   3177 |   4 | 2042.2 |
          Hell |    857 |    842 |     15 |    200 |    460 |   1 |  857.0 |
           Zot |   1159 |   1123 |     36 |    272 |    481 |   3 |  386.3 |
         Abyss |    686 |    686 |      0 |    331 |     73 |   3 |  228.7 |
      Ziggurat |   2559 |   2559 |      0 |   1640 |    493 |   9 |  284.3 |
         Trove |    189 |    189 |      0 |      0 |     62 |   1 |  189.0 |
        Bailey |   1795 |   1795 |      0 |    936 |    526 |   1 | 1795.0 |
       Volcano |    226 |    226 |      0 |      2 |    160 |   1 |  226.0 |
        Wizlab |    868 |    868 |      0 |    110 |    469 |   1 |  868.0 |
    Desolation |   1246 |   1246 |      0 |    394 |    515 |   1 | 1246.0 |
               +--------+--------+--------+--------+--------+-----+--------+

Top non-repeatable levels by time:
   Elf:3: 3527 daAuts
Vaults:4: 3225 daAuts
Depths:3: 2683 daAuts
Depths:4: 2518 daAuts
Vaults:2: 2141 daAuts
Vaults:5: 2124 daAuts
Depths:2: 2028 daAuts
Spider:3: 1980 daAuts
  Lair:1: 1919 daAuts
 Crypt:3: 1862 daAuts
    D:11: 1853 daAuts
Vaults:1: 1821 daAuts
  Bailey: 1795 daAuts
Vaults:3: 1733 daAuts
  Lair:5: 1715 daAuts

Table legend:
 A = Non-vault XP
 B = Vault XP
 C = Vault XP percentage of total XP
 D = Non-vault monster count
 E = Vault monster count
 F = Vault count percentage of total count
                 A         B        C        D         E       F
            +---------+---------+-------+---------+---------+-------
      Total |  655967 |  671968 |  50.6 |    1365 |    1060 |  43.7
            +---------+---------+-------+---------+---------+-------
        D:1 |      38 |       0 |   0.0 |      21 |       0 |   0.0
        D:2 |      44 |       0 |   0.0 |      22 |       0 |   0.0
        D:3 |      88 |       0 |   0.0 |      21 |       0 |   0.0
        D:4 |     177 |     268 |  60.2 |      12 |       2 |  14.3
        D:5 |     814 |       0 |   0.0 |      21 |       0 |   0.0
        D:6 |     998 |     891 |  47.2 |      23 |       2 |   8.0
        D:7 |    2677 |     411 |  13.3 |      42 |      13 |  23.6
        D:8 |     910 |       0 |   0.0 |      24 |       0 |   0.0
        D:9 |    3354 |     388 |  10.4 |      19 |       1 |   5.0
       D:10 |    3384 |    1510 |  30.9 |      16 |      10 |  38.5
       D:11 |    2962 |    3690 |  55.5 |      17 |      52 |  75.4
       D:12 |    7697 |     538 |   6.5 |      33 |       1 |   2.9
       D:13 |    3283 |       0 |   0.0 |      13 |       0 |   0.0
       D:14 |   10118 |    3505 |  25.7 |      19 |       5 |  20.8
       D:15 |   14896 |    6435 |  30.2 |      36 |       8 |  18.2
     Lair:1 |    8786 |    2423 |  21.6 |      33 |       8 |  19.5
     Lair:2 |    6081 |    7492 |  55.2 |      29 |      25 |  46.3
     Lair:3 |    7533 |    6169 |  45.0 |      26 |      12 |  31.6
     Lair:4 |    4819 |    1574 |  24.6 |      21 |       3 |  12.5
     Lair:5 |    8471 |   11216 |  57.0 |      29 |      26 |  47.3
    Swamp:1 |   13096 |       0 |   0.0 |      21 |       0 |   0.0
    Swamp:2 |   13158 |       0 |   0.0 |      28 |       0 |   0.0
    Swamp:3 |   10567 |    1806 |  14.6 |      27 |       1 |   3.6
    Swamp:4 |   12776 |   25520 |  66.6 |      24 |      35 |  59.3
   Spider:1 |   13430 |    9064 |  40.3 |      36 |      35 |  49.3
   Spider:2 |   18721 |       0 |   0.0 |      43 |       0 |   0.0
   Spider:3 |   14753 |    7610 |  34.0 |      33 |       4 |  10.8
   Spider:4 |   14043 |   19293 |  57.9 |      35 |      40 |  53.3
      Orc:1 |     558 |     133 |  19.2 |      20 |       1 |   4.8
      Orc:2 |    1157 |   13295 |  92.0 |      14 |      33 |  70.2
      Elf:1 |   23239 |   13159 |  36.2 |      37 |      20 |  35.1
      Elf:2 |    9756 |    4468 |  31.4 |      16 |       6 |  27.3
      Elf:3 |    5730 |   37448 |  86.7 |       8 |      32 |  80.0
   Vaults:1 |   25277 |    4194 |  14.2 |      38 |       6 |  13.6
   Vaults:2 |   24225 |   40998 |  62.9 |      34 |      48 |  58.5
   Vaults:3 |   15604 |   21693 |  58.2 |      23 |      32 |  58.2
   Vaults:4 |   28923 |   54279 |  65.2 |      35 |      62 |  63.9
   Vaults:5 |   20742 |   94364 |  82.0 |      26 |      86 |  76.8
    Crypt:1 |   17053 |    1392 |   7.5 |      34 |       2 |   5.6
    Crypt:2 |   21910 |    9074 |  29.3 |      32 |       9 |  22.0
    Crypt:3 |       0 |   54512 | 100.0 |       0 |      92 | 100.0
   Depths:1 |   19034 |       0 |   0.0 |      20 |       0 |   0.0
   Depths:2 |   62858 |   20700 |  24.8 |      76 |      25 |  24.8
   Depths:3 |   36366 |   38841 |  51.6 |      52 |      47 |  47.5
   Depths:4 |   23984 |   28579 |  54.4 |      24 |      29 |  54.7
       Hell |   10029 |   21262 |  67.9 |      17 |      28 |  62.2
      Zot:1 |   36720 |   15662 |  29.9 |      31 |      11 |  26.2
      Zot:2 |    2875 |       0 |   0.0 |       2 |       0 |   0.0
      Zot:4 |    2764 |    3586 |  56.5 |       2 |       3 |  60.0
    Abyss:3 |   12348 |    8242 |  40.0 |      37 |      12 |  24.5
      Zig:1 |    1294 |       0 |   0.0 |       1 |       0 |   0.0
      Zig:2 |     882 |       0 |   0.0 |       4 |       0 |   0.0
      Zig:3 |    3570 |       0 |   0.0 |       3 |       0 |   0.0
      Zig:4 |    4074 |       0 |   0.0 |       6 |       0 |   0.0
      Zig:5 |    7788 |       0 |   0.0 |       5 |       0 |   0.0
      Zig:6 |    5612 |       0 |   0.0 |      11 |       0 |   0.0
      Zig:7 |   13365 |       0 |   0.0 |       7 |       0 |   0.0
      Zig:8 |   11321 |    2468 |  17.9 |      12 |       4 |  25.0
      Zig:9 |    9235 |       0 |   0.0 |      14 |       0 |   0.0
     Bailey |       0 |    2466 | 100.0 |       0 |      43 | 100.0
    Volcano |       0 |    2531 | 100.0 |       0 |       8 | 100.0
     WizLab |       0 |   28948 | 100.0 |       0 |      56 | 100.0
 Desolation |       0 |   39871 | 100.0 |       0 |      82 | 100.0
            +---------+---------+-------+---------+---------+-------
